Workbook

Sheet Fluxo de caixa
A2: DEPARTAMENTO FINANCEIRO · consultoria financeira online para pequenas empresas
A3: Diagnóstico financeiro gratuito (9 perguntas) →
A4: Mais guias e planilhas: departamentofinanceiro.com.br/blog →
A6: Fluxo de caixa
A7: Preencha as células brancas. O saldo é calculado. Lance pela data em que o dinheiro entra ou sai da conta.
A9: Saldo inicial (extrato de hoje) | E9: 12000
A11: Data | B11: Descrição | C11: Categoria | D11: Previsto ou realizado | E11: Entrada (R$) | F11: Saída (R$) | G11: Saldo (R$)
A12: 46328 | B12: Vendas à vista e Pix | C12: Entrada: vendas à vista e Pix | D12: Realizado | E12: 4500 | G12: =$E$9+N(E12)-N(F12)
A13: 46329 | B13: Recebimentos de cartão | C13: Entrada: cartão | D13: Realizado | E13: 4000 | G13: =G12+N(E13)-N(F13)
A14: 46330 | B14: Fornecedor A | C14: Saída: fornecedores | D14: Realizado | F14: 3800 | G14: =G13+N(E14)-N(F14)
A15: 46331 | B15: DAS e taxas | C15: Saída: impostos e taxas | D15: Realizado | F15: 900 | G15: =G14+N(E15)-N(F15)
A16: 46332 | B16: Internet e sistemas | C16: Saída: fixas | D16: Realizado | F16: 800 | G16: =G15+N(E16)-N(F16)
A17: 46332 | B17: Parcela do empréstimo | C17: Saída: empréstimos | D17: Realizado | F17: 700 | G17: =G16+N(E17)-N(F17)
A18: 46335 | B18: Vendas à vista e Pix | C18: Entrada: vendas à vista e Pix | D18: Previsto | E18: 3800 | G18: =G17+N(E18)-N(F18)
A19: 46336 | B19: Recebimentos de cartão | C19: Entrada: cartão | D19: Previsto | E19: 3600 | G19: =G18+N(E19)-N(F19)
A20: 46336 | B20: Aluguel e folha | C20: Saída: fixas | D20: Previsto | F20: 6400 | G20: =G19+N(E20)-N(F20)
A21: 46336 | B21: Pró-labore | C21: Saída: pró-labore | D21: Previsto | F21: 2000 | G21: =G20+N(E21)-N(F21)
A22: 46338 | B22: Fornecedor B | C22: Saída: fornecedores | D22: Previsto | F22: 2900 | G22: =G21+N(E22)-N(F22)
A23: 46339 | B23: Taxas de cartão | C23: Saída: impostos e taxas | D23: Previsto | F23: 700 | G23: =G22+N(E23)-N(F23)
G24: =G23+N(E24)-N(F24)
G25: =G24+N(E25)-N(F25)
G26: =G25+N(E26)-N(F26)
G27: =G26+N(E27)-N(F27)
G28: =G27+N(E28)-N(F28)
G29: =G28+N(E29)-N(F29)
G30: =G29+N(E30)-N(F30)
G31: =G30+N(E31)-N(F31)
G32: =G31+N(E32)-N(F32)
G33: =G32+N(E33)-N(F33)
G34: =G33+N(E34)-N(F34)
G35: =G34+N(E35)-N(F35)
... G211: =G210+N(E211)-N(F211)

Sheet Resumo por categoria
A2: DEPARTAMENTO FINANCEIRO · consultoria financeira online para pequenas empresas
A3: Diagnóstico financeiro gratuito (9 perguntas) →
A4: Mais guias e planilhas: departamentofinanceiro.com.br/blog →
A6: Resumo por categoria
A7: Somas automáticas a partir da aba Fluxo de caixa.
A9: Categoria | B9: Previsto (R$) | C9: Realizado (R$)
A10: Entrada: vendas à vista e Pix | B10: =SUMIFS('Fluxo de caixa'!$E$12:$E$211,'Fluxo de caixa'!$C$12:$C$211,$A10,'Fluxo de caixa'!$D$12:$D$211,"Previsto")+SUMIFS('Fluxo de caixa'!$F$12:$F$211,'Fluxo de caixa'!$C$12:$C$211,$A10,'Fluxo de caixa'!$D$12:$D$211,"Previsto") | C10: =SUMIFS('Fluxo de caixa'!$E$12:$E$211,'Fluxo de caixa'!$C$12:$C$211,$A10,'Fluxo de caixa'!$D$12:$D$211,"Realizado")+SUMIFS('Fluxo de caixa'!$F$12:$F$211,'Fluxo de caixa'!$C$12:$C$211,$A10,'Fluxo de caixa'!$D$12:$D$211,"Realizado")
A11: Entrada: cartão | B11: =SUMIFS('Fluxo de caixa'!$E$12:$E$211,'Fluxo de caixa'!$C$12:$C$211,$A11,'Fluxo de caixa'!$D$12:$D$211,"Previsto")+SUMIFS('Fluxo de caixa'!$F$12:$F$211,'Fluxo de caixa'!$C$12:$C$211,$A11,'Fluxo de caixa'!$D$12:$D$211,"Previsto") | C11: =SUMIFS('Fluxo de caixa'!$E$12:$E$211,'Fluxo de caixa'!$C$12:$C$211,$A11,'Fluxo de caixa'!$D$12:$D$211,"Realizado")+SUMIFS('Fluxo de caixa'!$F$12:$F$211,'Fluxo de caixa'!$C$12:$C$211,$A11,'Fluxo de caixa'!$D$12:$D$211,"Realizado")
A12: Entrada: boletos e transferências | B12: =SUMIFS('Fluxo de caixa'!$E$12:$E$211,'Fluxo de caixa'!$C$12:$C$211,$A12,'Fluxo de caixa'!$D$12:$D$211,"Previsto")+SUMIFS('Fluxo de caixa'!$F$12:$F$211,'Fluxo de caixa'!$C$12:$C$211,$A12,'Fluxo de caixa'!$D$12:$D$211,"Previsto") | C12: =SUMIFS('Fluxo de caixa'!$E$12:$E$211,'Fluxo de caixa'!$C$12:$C$211,$A12,'Fluxo de caixa'!$D$12:$D$211,"Realizado")+SUMIFS('Fluxo de caixa'!$F$12:$F$211,'Fluxo de caixa'!$C$12:$C$211,$A12,'Fluxo de caixa'!$D$12:$D$211,"Realizado")
A13: Entrada: outras | B13: =SUMIFS('Fluxo de caixa'!$E$12:$E$211,'Fluxo de caixa'!$C$12:$C$211,$A13,'Fluxo de caixa'!$D$12:$D$211,"Previsto")+SUMIFS('Fluxo de caixa'!$F$12:$F$211,'Fluxo de caixa'!$C$12:$C$211,$A13,'Fluxo de caixa'!$D$12:$D$211,"Previsto") | C13: =SUMIFS('Fluxo de caixa'!$E$12:$E$211,'Fluxo de caixa'!$C$12:$C$211,$A13,'Fluxo de caixa'!$D$12:$D$211,"Realizado")+SUMIFS('Fluxo de caixa'!$F$12:$F$211,'Fluxo de caixa'!$C$12:$C$211,$A13,'Fluxo de caixa'!$D$12:$D$211,"Realizado")
A14: Saída: fornecedores | B14: =SUMIFS('Fluxo de caixa'!$E$12:$E$211,'Fluxo de caixa'!$C$12:$C$211,$A14,'Fluxo de caixa'!$D$12:$D$211,"Previsto")+SUMIFS('Fluxo de caixa'!$F$12:$F$211,'Fluxo de caixa'!$C$12:$C$211,$A14,'Fluxo de caixa'!$D$12:$D$211,"Previsto") | C14: =SUMIFS('Fluxo de caixa'!$E$12:$E$211,'Fluxo de caixa'!$C$12:$C$211,$A14,'Fluxo de caixa'!$D$12:$D$211,"Realizado")+SUMIFS('Fluxo de caixa'!$F$12:$F$211,'Fluxo de caixa'!$C$12:$C$211,$A14,'Fluxo de caixa'!$D$12:$D$211,"Realizado")
A15: Saída: impostos e taxas | B15: =SUMIFS('Fluxo de caixa'!$E$12:$E$211,'Fluxo de caixa'!$C$12:$C$211,$A15,'Fluxo de caixa'!$D$12:$D$211,"Previsto")+SUMIFS('Fluxo de caixa'!$F$12:$F$211,'Fluxo de caixa'!$C$12:$C$211,$A15,'Fluxo de caixa'!$D$12:$D$211,"Previsto") | C15: =SUMIFS('Fluxo de caixa'!$E$12:$E$211,'Fluxo de caixa'!$C$12:$C$211,$A15,'Fluxo de caixa'!$D$12:$D$211,"Realizado")+SUMIFS('Fluxo de caixa'!$F$12:$F$211,'Fluxo de caixa'!$C$12:$C$211,$A15,'Fluxo de caixa'!$D$12:$D$211,"Realizado")
A16: Saída: fixas | B16: =SUMIFS('Fluxo de caixa'!$E$12:$E$211,'Fluxo de caixa'!$C$12:$C$211,$A16,'Fluxo de caixa'!$D$12:$D$211,"Previsto")+SUMIFS('Fluxo de caixa'!$F$12:$F$211,'Fluxo de caixa'!$C$12:$C$211,$A16,'Fluxo de caixa'!$D$12:$D$211,"Previsto") | C16: =SUMIFS('Fluxo de caixa'!$E$12:$E$211,'Fluxo de caixa'!$C$12:$C$211,$A16,'Fluxo de caixa'!$D$12:$D$211,"Realizado")+SUMIFS('Fluxo de caixa'!$F$12:$F$211,'Fluxo de caixa'!$C$12:$C$211,$A16,'Fluxo de caixa'!$D$12:$D$211,"Realizado")
A17: Saída: pró-labore | B17: =SUMIFS('Fluxo de caixa'!$E$12:$E$211,'Fluxo de caixa'!$C$12:$C$211,$A17,'Fluxo de caixa'!$D$12:$D$211,"Previsto")+SUMIFS('Fluxo de caixa'!$F$12:$F$211,'Fluxo de caixa'!$C$12:$C$211,$A17,'Fluxo de caixa'!$D$12:$D$211,"Previsto") | C17: =SUMIFS('Fluxo de caixa'!$E$12:$E$211,'Fluxo de caixa'!$C$12:$C$211,$A17,'Fluxo de caixa'!$D$12:$D$211,"Realizado")+SUMIFS('Fluxo de caixa'!$F$12:$F$211,'Fluxo de caixa'!$C$12:$C$211,$A17,'Fluxo de caixa'!$D$12:$D$211,"Realizado")
A18: Saída: empréstimos | B18: =SUMIFS('Fluxo de caixa'!$E$12:$E$211,'Fluxo de caixa'!$C$12:$C$211,$A18,'Fluxo de caixa'!$D$12:$D$211,"Previsto")+SUMIFS('Fluxo de caixa'!$F$12:$F$211,'Fluxo de caixa'!$C$12:$C$211,$A18,'Fluxo de caixa'!$D$12:$D$211,"Previsto") | C18: =SUMIFS('Fluxo de caixa'!$E$12:$E$211,'Fluxo de caixa'!$C$12:$C$211,$A18,'Fluxo de caixa'!$D$12:$D$211,"Realizado")+SUMIFS('Fluxo de caixa'!$F$12:$F$211,'Fluxo de caixa'!$C$12:$C$211,$A18,'Fluxo de caixa'!$D$12:$D$211,"Realizado")
A19: Saída: investimentos | B19: =SUMIFS('Fluxo de caixa'!$E$12:$E$211,'Fluxo de caixa'!$C$12:$C$211,$A19,'Fluxo de caixa'!$D$12:$D$211,"Previsto")+SUMIFS('Fluxo de caixa'!$F$12:$F$211,'Fluxo de caixa'!$C$12:$C$211,$A19,'Fluxo de caixa'!$D$12:$D$211,"Previsto") | C19: =SUMIFS('Fluxo de caixa'!$E$12:$E$211,'Fluxo de caixa'!$C$12:$C$211,$A19,'Fluxo de caixa'!$D$12:$D$211,"Realizado")+SUMIFS('Fluxo de caixa'!$F$12:$F$211,'Fluxo de caixa'!$C$12:$C$211,$A19,'Fluxo de caixa'!$D$12:$D$211,"Realizado")
A20: Saída: retirada extra de sócio | B20: =SUMIFS('Fluxo de caixa'!$E$12:$E$211,'Fluxo de caixa'!$C$12:$C$211,$A20,'Fluxo de caixa'!$D$12:$D$211,"Previsto")+SUMIFS('Fluxo de caixa'!$F$12:$F$211,'Fluxo de caixa'!$C$12:$C$211,$A20,'Fluxo de caixa'!$D$12:$D$211,"Previsto") | C20: =SUMIFS('Fluxo de caixa'!$E$12:$E$211,'Fluxo de caixa'!$C$12:$C$211,$A20,'Fluxo de caixa'!$D$12:$D$211,"Realizado")+SUMIFS('Fluxo de caixa'!$F$12:$F$211,'Fluxo de caixa'!$C$12:$C$211,$A20,'Fluxo de caixa'!$D$12:$D$211,"Realizado")
A21: Saída: outras | B21: =SUMIFS('Fluxo de caixa'!$E$12:$E$211,'Fluxo de caixa'!$C$12:$C$211,$A21,'Fluxo de caixa'!$D$12:$D$211,"Previsto")+SUMIFS('Fluxo de caixa'!$F$12:$F$211,'Fluxo de caixa'!$C$12:$C$211,$A21,'Fluxo de caixa'!$D$12:$D$211,"Previsto") | C21: =SUMIFS('Fluxo de caixa'!$E$12:$E$211,'Fluxo de caixa'!$C$12:$C$211,$A21,'Fluxo de caixa'!$D$12:$D$211,"Realizado")+SUMIFS('Fluxo de caixa'!$F$12:$F$211,'Fluxo de caixa'!$C$12:$C$211,$A21,'Fluxo de caixa'!$D$12:$D$211,"Realizado")
A23: Saldo final projetado | B23: =INDEX('Fluxo de caixa'!G12:G211,MAX(1,COUNTA('Fluxo de caixa'!A12:A211)))
A25: Exemplo fictício incluído para mostrar o preenchimento. Células brancas: você preenche; cinza: calculadas.
A26: Quer ajuda para aplicar na sua empresa? Faça o diagnóstico gratuito (9 perguntas): https://www.departamentofinanceiro.com.br/comeco?origem=planilha
